 Dungeon Crawl Stone Soup version 0.18-a0-750-g37044d6 (webtiles) character file.

545 Celerity the Cudgeler (level 7, -8/56 HPs)
             Began as a Pale Draconian Warper on Dec 11, 2015.
             Mangled by an orc warrior
             ... wielding a +0 flail
              (22 damage)
             ... on level 4 of the Dungeon.
             The game lasted 00:10:47 (4545 turns).

Celerity the Cudgeler (Pale Draconian Warper)       Turns: 4545, Time: 00:10:47

Health: -8/56      AC:  6    Str: 13    XL:     7   Next: 6%
Magic:  3/10       EV: 12    Int: 16    God:
Gold:   159        SH:  0    Dex: 10    Spells: 4 memorised, 1 level left

rFire  . . .     SeeInvis .     a - +0 flail
rCold  . . .     Clarity  .     (armour unavailable)
rNeg   . . .     SustAt   .     (no shield)
rPois  .         Gourm    .     (helmet restricted)
rElec  .         Spirit   .     (no cloak)
rCorr  .         Dismiss  .     (no gloves)
rMut   .         Stasis   .     (no boots)
MR     .....                    (no amulet)
Stlth  +.........               (no ring)
                                (no ring)

@: very slightly contaminated, not resistant to hostile enchantments, very
unstealthy
A: breathe steam, unfitting armour, cold-blooded, AC +6
a: Breathe Steam


You were on level 4 of the Dungeon.
You were hungry.

You visited 1 branch of the dungeon, and saw 4 of its levels.

You collected 159 gold pieces.

Inventory:

Hand Weapons
 a - a +0 flail (weapon)
Missiles
 d - 5 tomahawks of dispersal (quivered)
 r - 11 poisoned needles
Scrolls
 c - a scroll of blinking
 j - a scroll of enchant weapon {unknown}
 l - 2 scrolls of remove curse
 n - a scroll of amnesia
 s - a scroll of teleportation
Potions
 i - 2 potions of curing
 k - a potion of flight
 m - a potion of magic {unknown}
 o - a potion of resistance {unknown}
 u - a potion of haste {unknown}
Books
 b - a book of Spatial Translocations

   Spells                             Type                      Level
   a - Apportation                    Translocation                1
   b - Blink                          Translocation                2
   c - Shroud of Golubria             Charms/Translocation         2
   d - Portal Projectile              Translocation                3
   e - Teleport Other                 Translocation                3
   f - Passage of Golubria            Translocation                4
Comestibles
 e - 5 bread rations
 f - a beef jerky
 g - 5 meat rations
 h - 2 chunks of flesh
 p - a slice of pizza


   Skills:
 + Level 2.5 Fighting
 * Level 5.9 Maces & Flails
 - Level 0.8 Throwing
 - Level 2.1 Dodging
 - Level 2.0 Spellcasting
 - Level 2.5 Charms
 + Level 4.6 Translocations


You had one spell level left.
You knew the following spells:

 Your Spells              Type           Power        Failure   Level  Hunger
a - Apportation           Tloc           ###.......   3%          1    #......
b - Passage of Golubria   Tloc           N/A          34%         4    #####..
c - Shroud of Golubria    Chrm/Tloc      ##........   10%         2    ###....
l - Blink                 Tloc           N/A          6%          2    ###....


Dungeon Overview and Level Annotations

Branches:
Dungeon (4/15)
 Temple: D:4-7

Altars:
Cheibriados
Elyvilon
Nemelex Xobeh
Xom


Innate Abilities, Weirdness & Mutations

You can breathe blasts of scalding, opaque steam.
Your pale cyan-grey scales are hard (AC +6).
Your body does not fit into most forms of armour.
You are cold-blooded and may be slowed by cold attacks.


Message History

Your magical contamination has completely faded away.
Casting: Shroud of Golubria
Confirm with . or Enter, or press ? or * to list all spells.
You blink.
Casting: Blink
Confirm with . or Enter, or press ? or * to list all spells.
You blink.
You are feeling hungry.
Items here: )) [ †† a club; a scale mail; a dagger; an orc corpse; an orc corpse
Casting: Blink
Confirm with . or Enter, or press ? or * to list all spells.
You miscast Blink.
You are very lightly contaminated with residual magic.
You spin around.
The orc warrior hits you with a flail!
* * * LOW HITPOINT WARNING * * *
Casting: Blink
Confirm with . or Enter, or press ? or * to list all spells.
You blink.
The orc warrior hits you with a flail!!
You die...

# .# ###################.#
..........).....$...#
.....##.###...#...###
#..#.#....#...#.@.#
#.#...##..####..o.#
.#####.###.##.###§##########
# ## #########........# #
#.#....#########.# #
#.##.### ######..# # ##.#..#
###......## ## #####..#.##
#.........## .##
#.##..##.####'####.....#


You could see an orc warrior.

Vanquished Creatures
  A phantom (D:4)
  A scorpion (D:4)
  3 crimson imps
  A gnoll shaman (D:3)
  2 worker ants (D:4)
  An iguana (D:4)
  7 adders
  5 gnolls
  2 oozes
  4 giant geckos
  3 orcs
  5 giant cockroaches
  9 goblins
  7 hobgoblins
  7 kobolds
  3 quokkas
  A ball python (D:3)
  3 bats
  5 giant newts
  9 rats
79 creatures vanquished.

Vanquished Creatures (others)
  A hobgoblin (D:1)
1 creature vanquished.

Grand Total: 80 creatures vanquished

Notes
Turn   | Place    | Note
--------------------------------------------------------------
     0 | D:1      | Celerity the Draconian Warper began the quest for the Orb.
     0 | D:1      | Reached XP level 1. HP: 17/17 MP: 3/3
   351 | D:1      | Reached XP level 2. HP: 18/24 MP: 5/5
   356 | D:1      | Learned a level 2 spell: Blink
   359 | D:1      | Learned a level 2 spell: Shroud of Golubria
   914 | D:2      | Reached XP level 3. HP: 29/29 MP: 6/6
  1982 | D:3      | Reached XP level 4. HP: 36/36 MP: 5/7
  2017 | D:3      | Reached skill level 4 in Maces & Flails
  2481 | D:3      | Found a white marble altar of Elyvilon.
  2522 | D:3      | Reached skill level 1 in Charms
  3035 | D:3      | Found a sparkling altar of Nemelex Xobeh.
  3038 | D:3      | Found a shimmering altar of Xom.
  3040 | D:3      | Found a snail-covered altar of Cheibriados.
  3095 | D:3      | Reached XP level 5. HP: 34/41 MP: 5/8
  3152 | D:4      | Noticed a phantom
  3402 | D:4      | Reached skill level 5 in Maces & Flails
  3434 | D:3      | Reached XP level 6. HP: 14/48 MP: 5/9
  3713 | D:4      | Found a shimmering altar of Xom.
  4402 | D:4      | Learned a level 4 spell: Passage of Golubria
  4478 | D:4      | Your scales start taking on a pale cyan-grey colour.
  4478 | D:4      | Reached XP level 7. HP: 53/56 MP: 8/10
  4545 | D:4      | Mangled by an orc warrior

Vault maps used:
D:1:      shiori_arrival_oz, minivault_25
D:2:      supply_closet_lemuel
D:3:      lemuel_coloured_pillars_altar, grunt_temple_overflow_diamond
D:4:      fedhas_altar_4, nicolae_ossuary_entry_catacombs,
          minmay_misc_feat_rugged, led_xom_imps

Action                   |  1- 3 |  4- 6 |  7- 9 || total
-------------------------+-------+-------+-------++-------
Melee: Mace              |    95 |       |       ||    95
       Flail             |    52 |   256 |    11 ||   319
 Cast: Shroud of Golubri |     6 |    14 |     1 ||    21
       Blink             |       |       |     3 ||     3
  Use: Scroll            |     2 |     7 |       ||     9
       Potion            |       |     1 |       ||     1
 Stab: Sleeping          |     3 |     2 |       ||     5
  Eat: Chunk             |     4 |     8 |       ||    12
       Beef jerky        |       |     1 |       ||     1
